 Dungeon Crawl Stone Soup version 0.20-a0-210-gd6c29eb (webtiles) character file.

10 deepsabbath the Firebug (level 2, 0/15 HPs)
             Began as a Deep Elf Fire Elementalist on Nov 26, 2016.
             Slain by a jackal (1 damage)
             ... on level 1 of the Dungeon.
             The game lasted 00:02:42 (1198 turns).

deepsabbath the Firebug (DEFE)                      Turns: 1198, Time: 00:02:43

Health: 0/15       AC:  4    Str:  5    XL:     2   Next: 10%
Magic:  8/8        EV: 12    Int: 19    God:
Gold:   0          SH:  0    Dex: 15    Spells: 6/7 levels left

rFire  + . .     SeeInvis .     d - +0 dagger
rCold  + . .     Gourm    .     j - +1 leather armour
rNeg   . . .     Faith    .     (no shield)
rPois  +         Spirit   .     (no helmet)
rElec  +         Reflect  .     (no cloak)
rCorr  +         Harm     .     (no gloves)
MR     .....                    (no boots)
Stlth  ++........               (no amulet)
                                (no ring)
                                (no ring)

@: resistant
A: no striking features
a: no special abilities


You were on level 1 of the Dungeon.
You were hungry.

You visited 1 branch of the dungeon, and saw 2 of its levels.

Inventory:

Hand Weapons
 d - a +0 dagger (weapon)
   (You took it off a goblin on level 1 of the Dungeon)
 i - a +0 hand axe
   (You found it on level 1 of the Dungeon)
Armour
 a - a +0 robe
 j - a +1 leather armour (worn)
   (You found it on level 1 of the Dungeon)
Jewellery
 k - an uncursed ring of fire {rF+, rC-}
   (You found it on level 1 of the Dungeon)
Scrolls
 h - 2 scrolls of identify
 l - a scroll of random uselessness
Books
 b - a book of Flames
Comestibles
 c - a bread ration {@e1}


   Skills:
 * Level 1.6 Short Blades
 - Level 2.6 Dodging
 - Level 2.4 Stealth
 - Level 3.0 Spellcasting
 - Level 1.1 Conjurations
 - Level 3.2 Fire Magic


You had 6 spell levels left.
You knew the following spells:

 Your Spells              Type           Power        Failure   Level  Hunger
a - Flame Tongue          Conj/Fire      ##...        14%         1    None


Dungeon Overview and Level Annotations

Branches:
Dungeon (2/15)

Altars:


Message History

You hit the kobold. The kobold hits you with a whip.
You take 3 damage, and have 5/10 hp.
MASSIVE DAMAGE!!
You closely miss the kobold. The kobold closely misses you.
You hit the kobold.
You kill the kobold!
You have reached level 2!
You regained 3 hp, and now have 8/15 hp.
MP restored: 8 You start resting.
All of the chunks of flesh in your inventory have rotted away.
You are feeling hungry.
You regained 3 hp, and now have 11/15 hp.
You start resting.
Health restored: 15
h - a scroll labeled PEMEDY IRECHEU You see here a whip.
h - 2 scrolls labeled PEMEDY IRECHEU (gained 1)
h - 3 scrolls labeled PEMEDY IRECHEU (gained 1)
l - a scroll labeled GAACSUXYTO The jackal is too close now for your liking.
A jackal comes into view.
The jackal barks! x2
A jackal comes into view.
You barely miss the jackal. The jackal bites you.
You take 2 damage, and have 13/15 hp.
You hit the jackal. The jackal barely misses you.
The jackal bites you but does no damage.
You completely miss the jackal. The jackal closely misses you.
You hit the jackal but do no damage. The jackal closely misses you.
You hit the jackal but do no damage. The jackal bites you.
The jackal barely misses you.
You take 2 damage, and have 12/15 hp.
The jackal barks!
You hit the jackal. The jackal bites you.
You take 2 damage, and have 10/15 hp.
You closely miss the jackal.
The jackal bites you but does no damage.
You miss the jackal. The jackal closely misses you. The jackal bites you.
You take 1 damage, and have 9/15 hp.
You barely miss the jackal.
The jackal bites you but does no damage.
You hit the jackal but do no damage. The jackal barely misses you.
You barely miss the jackal. The jackal bites you.
You take 2 damage, and have 7/15 hp.
You hit the jackal but do no damage. The jackal closely misses you.
The jackal bites you but does no damage.
You hit the jackal. The jackal bites you.
You take 2 damage, and have 5/15 hp.
You hit the jackal but do no damage. The jackal barely misses you.
You hit the jackal but do no damage. The jackal closely misses you.
The jackal bites you but does no damage.
You hit the jackal.
The jackal bites you but does no damage.
You hit the jackal but do no damage. The jackal barely misses you.
You barely miss the jackal. The jackal barely misses you. x2
You barely miss the jackal. The jackal bites you.
* * * LOW HITPOINT WARNING * * *
You take 2 damage, and have 3/15 hp.
It was a potion of resistance.
You feel protected.
The jackal bites you but does no damage.
You hit the jackal but do no damage.
The jackal bites you but does no damage.
The jackal barely misses you.
You barely miss the jackal. The jackal closely misses you.
You hit the jackal but do no damage. The jackal bites you.
* * * LOW HITPOINT WARNING * * *
You take 2 damage, and have 2/15 hp.
As you read the scroll labeled AWEW FEZICS, it crumbles to dust.
You feel blessed for a moment.
It was a scroll of remove curse.
The jackal barely misses you. x2
As you read the scroll labeled PEMEDY IRECHEU, it crumbles to dust.
It is a scroll of identify.
l - a scroll of random uselessness The jackal bites you but does no damage.
As you read the scroll labeled HERUFA JIONU, it crumbles to dust.
It is a scroll of enchant armour.
Your +0 leather armour glows green for a moment.
The jackal bites you.
* * * LOW HITPOINT WARNING * * *
You take 1 damage, and have 1/15 hp.
You hit the jackal but do no damage. The jackal barely misses you.
The jackal misses you.
You hit the jackal. The jackal closely misses you.
You hit the jackal.
You kill the jackal!
You barely miss the jackal. The jackal closely misses you.
The jackal barely misses you.
You hit the jackal. The jackal barely misses you.
You hit the jackal.
The jackal bites you but does no damage.
You hit the jackal but do no damage.
The jackal bites you but does no damage.
You closely miss the jackal. The jackal barely misses you. x2
You hit the jackal. The jackal closely misses you.
You hit the jackal but do no damage. The jackal misses you.
You barely miss the jackal. The jackal closely misses you.
You miss the jackal. The jackal bites you.
You die...

#..# ###...........## #.#
#.#######........#...######.#
............................#
........>...................#
.....................######.#
.........h..h........# #.#
............####h###.# #.#
......h..h..# #h# #)# #.#
............# ##@# #.# #.#
............###..# #.######.#
...........###..####.....##.#
#.....# #.###.......##.# #.#
#.##....##.#
####)###.......#..#
#...........K..#.##
#...........#......#
............##.....##


You could see 2 jackals.

Vanquished Creatures
  3 bats (D:1)
  A goblin (D:1)
  2 jackals (D:1)
  A kobold (D:1)
  A rat (D:1)
8 creatures vanquished.

Notes
Turn   | Place    | Note
-------+----------+-------------------------------------------
     0 | D:1      | deepsabbath the Deep Elf Fire Elementalist began the quest for the Orb.
     0 | D:1      | Reached XP level 1. HP: 10/10 MP: 6/6
   130 | D:1      | HP: 2/10 [bat (1)]
   141 | D:1      | HP: 2/10 [bat (1)]
   636 | D:1      | Reached skill level 1 in Short Blades
   985 | D:1      | Reached XP level 2. HP: 8/15 MP: 8/8
  1179 | D:1      | HP: 3/15 [jackal (2)]
  1186 | D:1      | HP: 1/15 [jackal (1)]
  1198 | D:1      | Slain by a jackal

Vault maps used:
D:1:      sevenhm_arrival_forest_fort_small_6
D:2:      minmay_door_square, grunt_ministairs_9, serial_bayou_pond_b,
          minmay_pentomino_r4

Skill      XL: |  1 |
---------------+----+-----
Short Blades   | 1 |  1.6
Dodging        | |  2.6
Stealth        | |  2.4
Spellcasting   | |  3.0
Conjurations   | |  1.1
Fire Magic     | |  3.2

Action                   || total
-------------------------++-------
Melee: Dagger            ||    76
       Unarmed           ||    34
  Use: Scroll            ||     3
       Potion            ||     1
 Stab: Sleeping          ||     1
Armor: Robe              ||    38
       Leather armour    ||    12
Dodge: Dodged            ||   112

Vault maps used:
D:1:      sevenhm_arrival_forest_fort_small_6
D:2:      minmay_door_square, grunt_ministairs_9, serial_bayou_pond_b,
          minmay_pentomino_r4

Table legend:
 A = Turns spent in this place as a percentage of turns spent in the entire game.
 B = Non-inter-level travel turns spent in this place as a percentage of non-inter-level travel turns spent in the entire game.
 C = Inter-level travel turns spent in this place as a percentage of turns spent in this place.
 D = Turns resting spent in this place as a percentage of non-inter-level travel turns spent in this place.
 E = Turns spent auto-exploring this place as a percentage of non-inter-level travel turns spent in this place.
 F = Non-inter-level travel turns spent in this place divided by the number of levels of this place that you've seen.
                   A       B       C       D       E      F
               +-------+-------+-------+-------+-------+----------------------
         Total | 100.0 | 100.0 |   0.0 |   4.7 |   3.5 | 158.5
       Dungeon | 100.0 | 100.0 |   0.0 |   4.7 |   3.5 | 158.5
               +-------+-------+-------+-------+-------+----------------------

Table legend:
 A = Kills in this place as a percentage of kills in entire the game.
 B = Kills by you in this place as a percentage of kills by you in the entire game.
 C = Kills by friends in this place as a percentage of kills by friends in the entire game.
 D = Other kills in this place as a percentage of other kills in the entire game.
 E = Experience gained in this place as a percentage of experience gained in the entire game.
 F = Experience gained in this place divided by the number of levels of this place that you have seen.
                   A       B       C       D       E      F
               +-------+-------+-------+-------+-------+----------------------
         Total | 100.0 | 100.0 |  -nan |  -nan | 100.0 |   7.5
       Dungeon | 100.0 | 100.0 |  -nan |  -nan | 100.0 |   7.5
               +-------+-------+-------+-------+-------+----------------------
